 Dungeon Crawl Stone Soup version 0.31.0-32-g396128a36d (webtiles) character file.

Game seed: 398833742131111342

21 imdaedric the Shield-Bearer (level 3, -4/29 HPs)
             Began as a Formicid Fighter on Apr 22, 2024.
             Was a Follower of Makhleb.
             Killed by divine providence
             ... invoked by an orc priest
              (15 damage)
             ... on level 2 of the Dungeon.
             The game lasted 00:01:11 (572 turns).

imdaedric the Shield-Bearer (Formicid Fighter)       Turns: 572, Time: 00:01:11

Health: -4/29      AC:  6    Str: 22    XL:     3   Next: 5%
Magic:  3/3        EV:  9    Int:  7    God:    Makhleb [*.....]
Gold:   92         SH:  5    Dex: 13    Spells: 2/2 levels left

rFire   . . .        a - +0 trident
rCold   . . .        c - +0 buckler
rNeg    . . .        b - +0 scale mail
rPois   .            (helmet unavailable)
rElec   .            (no cloak)
rCorr   .            (no gloves)
SInv    +            (no boots)
Will    .....        (no amulet) Stlth
                     (no ring)
HPRegen 0.24/turn    (no ring)
MPRegen 0.08/turn

%: no passive effects
@: no status effects
A: permanent stasis, dig shafts and tunnels, antennae 3, four strong arms
a: Dig, Shaft Self, Renounce Religion


You were on level 2 of the Dungeon.
You worshipped Makhleb.
Makhleb was aware of your devotion.
You visited 1 branch of the dungeon, and saw 2 of its levels.

You collected 92 gold pieces.

Inventory:

Hand Weapons
 a - a +0 trident (weapon)
Armour
 b - a +0 scale mail (worn)
 c - a +0 buckler (worn)
Scrolls
 e - 2 scrolls of identify {unknown}
 h - a scroll of blinking {unknown}
Potions
 d - a potion of might
 f - a potion of attraction {unknown}
 g - a potion of mutation {unknown}
 i - a potion of haste {unknown}


   Skills:
 + Level 3.5 Fighting
 + Level 2.3 Polearms
 + Level 3.5 Armour
 + Level 4.3 Shields
 + Level 0.2 Invocations


You had 2 spell levels left.
You didn't know any spells.
Your spell library contained the following spells:

 Spells                   Type           Power      Damage    Failure   Level
 Shock                    Conj/Air       0%         1d3       82%         1
 Slow                     Hex            0%         N/A       82%         1
 Confusing Touch          Hex            0%         N/A       99%         3
 Sigil of Binding         Hex            0%         N/A       99%         3
 Vampiric Draining        Necr           0%         2d6       99%         3
 Airstrike                Air            0%         2d(0-16)  100%        4
 Swiftness                Air            Unusable   N/A       N/A         3

Dungeon Overview and Level Annotations

Branches:
Dungeon (2/15)

Altars:
Makhleb


Innate Abilities, Weirdness & Mutations

You cannot be hasted, slowed, berserked, paralysed or teleported.
You can dig through walls and to a lower floor.
You have a pair of large antennae on your head. (SInv)
Your four strong arms can wield two-handed weapons with a shield.


Message History

The orc priest shouts!
The orc shouts!
You hear a shout!
The orc throws a boomerang.
You block the boomerang.
You hear a shout!
There are monsters nearby!
There are monsters nearby!
Okay, then.
Okay, then.
Unknown command.
There are monsters nearby!
There are monsters nearby!
An orc wizard comes into view. It is wielding a +2 dagger of venom.
You reach to attack!
You hit the orc priest.
The orc priest is lightly wounded.
You hit the orc priest.
The orc priest is heavily wounded.
The orc priest invokes the aid of Beogh against you.
Pain shoots through your body!
An orc comes into view. It is wielding a +0 hand axe.
You hit the orc priest.
The orc priest is severely wounded.
You block the orc priest's attack. The orc attacks as it pursues you!
The orc barely misses you.
The orc priest mumbles some strange prayers to Beogh against you.
You barely resist.
The orc throws a boomerang.
The boomerang hits you but does no damage.
The orc priest invokes the aid of Beogh against you.
Beogh smites you!
The orc wizard gestures wildly while chanting.
The orc wizard flickers and vanishes for a moment.
The orc throws a boomerang.
The boomerang hits you but does no damage.
The orc priest looks satisfied for a moment.
The orc throws a boomerang.
The boomerang misses you.
The orc throws a boomerang.
The boomerang hits you but does no damage.
The orc priest calls down the wrath of Beogh upon you.
Beogh smites you!
Ouch! That really hurt!
You die...

..####+### (.#......#
,.. ..#......##+#...
#+#.#.............
#.#.#.....o.....#
#.#.#.....o.....#
#.#.#.....o#....#
..######.#.#....o.####.#
............@...### #
.......<....#####
................
..######.........
........... ###...#.###.
....#.# ........ .....


You could see an orc priest, an orc wizard (invisible) and 2 orcs.

Vanquished Creatures
  A dart slug (D:1)
  A ball python (D:1)
  3 endoplasms (D:1)
  2 giant cockroaches (D:1)
  3 hobgoblins (D:1)
  A kobold (D:1)
  4 bats (D:1)
  A goblin (D:1)
  A rat (D:1)
17 creatures vanquished.

Notes
Turn   | Place    | Note
-------+----------+-------------------------------------------
     0 | D:1      | imdaedric the Formicid Fighter began the quest for the Orb.
     0 | D:1      | Reached XP level 1. HP: 18/18 MP: 1/1
   127 | D:1      | Reached XP level 2. HP: 24/24 MP: 2/2
   149 | D:1      | Found a faded altar of an unknown god.
   201 | D:1      | Prayed at the altar of an unknown god.
   201 | D:1      | Became a worshipper of Makhleb the Destroyer
   201 | D:1      | Reached * piety under Makhleb
   352 | D:1      | Reached XP level 3. HP: 26/29 MP: 3/3
   572 | D:2      | Killed from afar by an orc priest

Illustrated notes

Levels and vault maps discovered:
D:1:      giann_forest_graveyard, layout_rooms, ebering_ecumenical_altar_mist
D:2:      minmay_wonky_spiral, layout_basic, basic_altar,
          minmay_split_cup_large, uniq_jessica, uniq_sigmund

Action                     || total
---------------------------++-------
  Melee: Trident           ||    53
 Armour: Scale mail        ||    28
  Dodge: Dodged            ||    23
  Block: Buckler           ||    14
